 Dungeon Crawl Stone Soup version 0.32-a0-135-g14f8b2e1af (webtiles) character file.

Game seed: 8160931261976012268

3743075 GordonOverkill the Shapeless Troll (level 27, 339/339 HPs)
             Began as a Troll Shapeshifter on Feb 10, 2024.
             Was an Initiate of Gozag.
             Escaped with the Orb
             ... and 5 runes!
             The game lasted 02:14:44 (55645 turns).

GordonOverkill the Shapeless Troll (TrSh)          Turns: 55645, Time: 02:14:44

Health: 339/339    AC: 43    Str: 41    XL:     27
Magic:  31/31      EV: 12    Int: 12    God:    Gozag
Gold:   18037      SH: 26    Dex: 12    Spells: 26/26 levels left

rFire   + +          .
                       - Unarmed
rCold   + . .        v - +8 tower shield {rF+}
rNeg    + . .        m - melded +2 gold dragon scales
rPois   ∞            F - +2 hat
rElec   +            K - +2 cloak {rC+}
rCorr   .            (gloves unavailable)
SInv    .            (boots unavailable)
Will    ++++.        e - amulet of the Crushed Loafs {Rampage Regen+ Int+6}
Stlth   +            B - +4 ring of slaying
HPRegen 2.36/turn    H - ring "Eloacw" {+Blink rPois rF- Will++ Str+6}
MPRegen 0.22/turn

%: rampage
@: statue-form, gold aura, very slow
A: slow and powerful, torment resistance 1, boosted hp, large, unfitting armour,
claws 3, regeneration 1, (shaggy fur 1), (tough skin 1), hooves 1, (iridescent
scales 1), frail 1, teleportitis 1, weak 1, evolution 1, subdued magic 1,
MP-powered wands, persistent drain
0: Orb of Zot
}: 5/15 runes: decaying, serpentine, slimy, silver, abyssal
a: Begin Untransformation, Renounce Religion, Evoke Blink, Potion Petition, Call
Merchant, Bribe Branch


You escaped.
You worshipped Gozag.
Gozag was extremely pleased with you.
You were a living statue of rough stone.
You visited 11 branches of the dungeon, and saw 53 of its levels.
You visited the Abyss 2 times.
You visited 1 bazaar.
You also visited: Bailey, Ice Cave and Wizlab.

You collected 32062 gold pieces.
You spent 7536 gold pieces at shops.
You paid 6489 gold pieces to Gozag.

Inventory:

Hand Weapons
 b - a +9 dagger of venom
Missiles
 I - 18 curare-tipped darts
 S - 6 throwing nets
Armour
 m - +2 gold dragon scales (melded)
 p - a scarf of resistance
 v - a +8 tower shield of fire resistance (worn)
 F - a +2 hat (worn)
 K - a +2 cloak of cold resistance (worn)
Jewellery
 e - the amulet of the Crushed Loafs (around neck) {Rampage Regen+ Int+6}
   (You took it off a naga ritualist on level 4 of the Snake Pit)

   [amulet of regeneration]

   Int+6:     It affects your intelligence (+6).
   Regen+:    It increases your rate of health regeneration.
   Rampage:   It bestows one free step when moving towards enemies.
 f - a ring of poison resistance
 g - the amulet of Sola {RegenMP rC+ Int+7 Dex-3 SInv}
   (You found it in an ice cave)

   [amulet of magic regeneration]

   RegenMP:   It increases your rate of magic regeneration.
   Int+7:     It affects your intelligence (+7).
   Dex-3:     It affects your dexterity (-3).
   rC+:       It protects you from cold.
   SInv:      It lets you see invisible.
 w - the ring of Disaster {rPois rC+ Str+2 Int+2}
   (You found it in an ice cave)

   [ring of protection from cold]

   Str+2:     It affects your strength (+2).
   Int+2:     It affects your intelligence (+2).
   rC+:       It protects you from cold.
   rPois:     It protects you from poison
 B - a +4 ring of slaying (left claw)
 H - the ring "Eloacw" (right claw) {+Blink rPois rF- Will++ Str+6}
   (You took it off a naga on level 4 of the Snake Pit)

   [ring of strength]

   Str+6:     It affects your strength (+6).
   rF-:       It makes you vulnerable to fire.
   rPois:     It protects you from poison Will++: It greatly increases your
   willpower.
   +Blink:    It lets you blink.
Talismans
 a - a dragon-blood talisman
 z - the granite talisman "Nacziug" (active) {rF++ MP+9 Str-3 Dex+3}
   (You found it on level 3 of the Elven Halls)

   [granite talisman]

   Str-3:     It affects your strength (-3).
   Dex+3:     It affects your dexterity (+3).
   rF++:      It greatly protects you from fire.
   MP+9:      It affects your magic capacity (+9).
 X - a blade talisman
 Z - a talisman of death
Wands
 u - a wand of paralysis (62)
 D - a wand of mindburst (72)
 J - a wand of iceblast (33)
 Q - a wand of digging (11)
 W - a wand of quicksilver (27)
Scrolls
 j - 6 scrolls of fear
 l - 6 scrolls of butterflies
 n - 9 scrolls of blinking
 o - 9 scrolls of vulnerability
 q - 21 scrolls of teleportation
 y - 2 scrolls of torment
 L - 3 scrolls of revelation
 M - 4 scrolls of poison
 P - 9 scrolls of fog
 R - 2 scrolls of silence
 U - 6 scrolls of immolation
 V - 24 scrolls of identify
Potions
 c - 9 potions of mutation
 h - 3 potions of attraction
 i - 8 potions of cancellation
 s - 6 potions of magic
 x - 2 potions of ambrosia
 A - 10 potions of enlightenment
 C - 23 potions of curing
 E - 5 potions of invisibility
 G - 13 potions of heal wounds
 N - 11 potions of haste
 O - 6 potions of might
 T - 8 potions of resistance
Miscellaneous
 d - a phial of floods
 k - a tin of tremorstones (2/2)
 r - a box of beasts
 t - a phantom mirror
 Y - a lightning rod (4/4)


   Skills:
 - Level 20.0 Fighting
 - Level 10.0 Dodging
 - Level 15.0 Shields
 + Level 25.2 Unarmed Combat
 - Level 15.0 Evocations
 O Level 27 Shapeshifting


You had 26 spell levels left.
You didn't know any spells.
Your spell library contained the following spells:

 Spells                   Type           Power      Damage    Failure   Level
 Apportation              Tloc           0%         N/A       45%         1
 Foxfire                  Conj/Fire      0%         2x1d4     45%         1
 Magic Dart               Conj           0%         1d3       45%         1
 Necrotise                Necr           0%         1d4       45%         1
 Sandblast                Erth           0%         2d4       45%         1
 Shock                    Conj/Air       0%         1d3       45%         1
 Slow                     Hex            0%         N/A       45%         1
 Sting                    Conj/Alch      0%         1d3       45%         1
 Summon Small Mammal      Summ           0%         N/A       45%         1
 Call Imp                 Summ           0%         N/A       61%         2
 Ensorcelled Hibernation  Hex/Ice        0%         N/A       61%         2
 Mercury Vapours          Alch/Air       0%         N/A       61%         2
 Scorch                   Fire           0%         2d5       61%         2
 Searing Ray              Conj           0%         2d4       61%         2
 Static Discharge         Conj/Air       0%         3-3/arc   61%         2
 Frozen Ramparts          Ice            0%         1d1       83%         3
 Fugue of the Fallen      Necr           0%         N/A       83%         3
 Hailstorm                Conj/Ice       0%         3d5       83%         3
 Inner Flame              Hex/Fire       0%         N/A       83%         3
 Mephitic Cloud           Conj/Alch/Air  0%         N/A       83%         3
 Ozocubu's Armour         Ice            0%         N/A       83%         3
 Passwall                 Erth           0%         N/A       83%         3
 Stone Arrow              Conj/Erth      0%         3d7       83%         3
 Summon Ice Beast         Ice/Summ       0%         N/A       83%         3
 Swiftness                Air            0%         N/A       83%         3
 Tukima's Dance           Hex            0%         N/A       83%         3
 Vampiric Draining        Necr           0%         2d6       83%         3
 Volatile Blastmotes      Fire/Tloc      0%         2d10      83%         3
 Airstrike                Air            0%         2d(0-16)  99%         4
 Anguish                  Hex/Necr       0%         N/A       99%         4
 Animate Armour           Summ/Erth      0%         N/A       99%         4
 Brom's Barrelling Bould  Conj/Erth      0%         2d3       99%         4
 Cause Fear               Hex            0%         N/A       99%         4
 Flame Wave               Conj/Fire      0%         2d4       99%         4
 Fulminant Prism          Conj/Alch      0%         3d5       99%         4
 Iskenderun's Mystic Bla  Conj/Tloc      0%         2d3       99%         4
 Leda's Liquefaction      Alch/Erth      0%         N/A       99%         4
 Manifold Assault         Tloc           0%         N/A       99%         4
 Martyr's Knell           Necr/Summ      0%         N/A       99%         4
 Olgreb's Toxic Radiance  Alch           0%         N/A       99%         4
 Passage of Golubria      Tloc           0%         N/A       99%         4
 Petrify                  Alch/Erth      0%         N/A       99%         4
 Sticky Flame             Fire/Alch      0%         2d4       99%         4
 Summon Blazeheart Golem  Fire/Summ      0%         N/A       99%         4
 Summon Lightning Spire   Summ/Air       0%         N/A       99%         4
 Vhi's Electric Charge    Tloc/Air       0%         N/A       99%         4
 Arcjolt                  Conj/Air       0%         1d10      100%        5
 Borgnjor's Vile Clutch   Necr/Erth      0%         N/A       100%        5
 Curse of Agony           Necr           0%         N/A       100%        5
 Fireball                 Conj/Fire      0%         3d3       100%        5
 Freezing Cloud           Conj/Ice/Air   0%         6-21      100%        5
 Lee's Rapid Deconstruct  Erth           0%         3d4*      100%        5
 Metabolic Englaciation   Hex/Ice        0%         N/A       100%        5
 Summon Forest            Summ/Tloc      0%         N/A       100%        5
 Summon Mana Viper        Hex/Summ       0%         N/A       100%        5
 Yara's Violent Unravell  Hex/Alch       0%         3d3       100%        5
 Bombard                  Conj/Erth      0%         9d1       100%        6
 Conjure Ball Lightning   Conj/Air       0%         3x3d6     100%        6
 Dispersal                Tloc           0%         N/A       100%        6
 Eringya's Noxious Bog    Alch           0%         4d6       100%        6
 Plasma Beam              Fire/Air       0%         2x1d10    100%        6
 Sculpt Simulacrum        Ice/Alch       0%         N/A       100%        6
 Summon Cactus Giant      Summ           0%         N/A       100%        6
 Malign Gateway           Summ/Tloc      0%         N/A       100%        7
 Monstrous Menagerie      Summ           0%         N/A       100%        7
 Orb of Destruction       Conj           0%         9d5       100%        7
 Ozocubu's Refrigeration  Ice            0%         4d7       100%        7
 Spellforged Servitor     Conj/Summ      0%         N/A       100%        7
 Summon Hydra             Summ           0%         N/A       100%        7
 Discord                  Hex            0%         N/A       100%        8
 Disjunction              Tloc           0%         N/A       100%        8
 Summon Horrible Things   Summ           0%         N/A       100%        8
 Dragon's Call            Summ           0%         N/A       100%        9
 Polar Vortex             Ice            0%         N/A       100%        9
 Sublimation of Blood     Necr           Unusable   N/A       N/A         2

Dungeon Overview and Level Annotations

Branches:
Dungeon (15/15)            Temple (1/1) D:6            Lair (5/5) D:9
  Swamp (4/4) Lair:2        Snake (4/4) Lair:3        Slime (5/5) Lair:5
    Orc (2/2) D:11            Elf (3/3) Orc:2        Vaults (5/5) D:13
  Crypt (0/3) Vaults:3     Depths (4/4) D:15            Zot (5/5) Depths:4
 Bailey (visited)           IceCv (visited)          WizLab (visited)

Altars:
Ashenzari
Cheibriados
Dithmenos
Elyvilon
Fedhas
Gozag
Hepliaklqana
Kikubaaqudgha
Makhleb
Nemelex Xobeh
Okawaru
Qazlal
Ru
Sif Muna
Trog
Uskayaw
Vehumet
Wu Jian
Xom
Yredelemnul
Zin
The Shining One
Ignis
Jiyva
Lugonu

Shops:
D:6 (   Orc:2 ?([:   Elf:1 !?*   Elf:2 *   Snake:2 !   Snake:4 =:=   Depths:1 [

Portals:
Hell: Depths:1 Depths:2 Depths:3 Depths:4
Abyss: Zot:5 Depths:3
Pandemonium: Depths:2 Depths:4
Ziggurat: Depths:3
Trove: Elf:1 (give 8 potions of haste)

Annotations:
D:5 3 runed translucent doors, lilalause's ghost, amateur KoDe
Snake:4 1 transporter, CrazyBamboolord's ghost, adept HOFi
Elf:2 1 runed translucent door


Innate Abilities, Weirdness & Mutations

You are a living statue of rough stone.
Your actions are slow, but your melee attacks are powerful.
You are resistant to unholy torment.
Your maximum health is greatly increased.
Your equipment is partially melded.
You are too large for most types of armour.
You are immune to poison.
You have claws for hands.
Your natural rate of healing is unusually fast.
((You are covered in fur. (AC +1)))
((You have tough skin. (AC +1)))
You have large cloven feet.
((You are partially covered in iridescent scales. (AC +2)))
You are frail. (-10% HP)
You are occasionally teleported next to monsters.
You are weak. (Str -2)
You have hidden genetic potential.
Your spells are a little easier to cast, but a little less powerful.
You expend magic power (3 MP) to strengthen your wands.
Your health recovers twice as slowly from being drained.


Message History

You now have 18008 gold pieces (gained 6).
Aiming: Dig
Press: ? - help, Shift-Dir - straight line A translucent rock wall.
This square is covered in magical glow.
You feel a surge of power!
The rock shatters into small pieces.
You block the orc's attack. The orc hits you but does no damage. x2
You eviscerate the orc!!!
You kill the orc!
No target in view!
No target in view!
You now have 18014 gold pieces (gained 6).
You see here a +0 trident.
The goblin shouts!
Aiming: Dig
Press: ? - help, Shift-Dir - straight line A translucent rock wall.
This square is covered in magical glow.
You feel a surge of power!
The rock shatters into small pieces.
You eviscerate the goblin!!!!!
You kill the goblin!
You now have 18020 gold pieces (gained 6).
You see here a +0 dagger.
You see here a +0 dagger.
An efreet comes into view.
It is wielding a +4 scimitar of flaming.
The efreet gestures at you. The bolt of fire hits you. You resist.
You enter the shallow water.
You rampage towards the efreet!
You mangle the efreet!! You kick the efreet.
You kill the efreet!
You hear a splash.
No target in view!
No target in view!
No target in view!
You now have 18037 gold pieces (gained 17).
You see here a +4 scimitar of flaming.
You enter the shallow water.
There is a staircase leading out of the dungeon here.
You have escaped!

.#####..#######'''#######...#
........#.)............)#..##
..###...###..ß.###.ß..###..##
#.# #...#~.............~#...#
#†# #...#~..|..........~#...#
#.# #...#~~...........~~#.).#
#.###...#~~~~.......~~~~#...#
........#~~~)~~~.~~~~~~~#...#
........#~~~~~~~I~~~~~~~#.†.#
..###...#################...#
..# #.......................#
#.###.......................#
#......####...#.###.###..##.#
#............##.# #.#
##.##.##### ##.###...#.#.##.#
#.###...#..#.#. #.#
###..#..##.# #.........#.#.#
#.#####.###.##.#
#####...#..###.


There were no monsters in sight!

Vanquished Creatures
  Dissolution (Slime:3)
  the Royal Jelly (Slime:5)
  2 dread liches
  2 ancient liches
  3 orbs of fire (Zot:5)
  Mara (Depths:2)
  A juggernaut (Depths:2)
  Xtahua (Vaults:2)
  Boris (twice) (Vaults:1 D:2)
  Bai Suzhen (Depths:2)
  Josephina (Depths:2)
  Margery (Vaults:2)
  the Lernaean hydra (Swamp:4)
  A curse toe (Zot:4)
  4 Killer Klowns
  18 golden dragons
  2 pandemonium lords
  Norris (Depths:1)
  5 bone dragons
  Jory (Vaults:1)
  Nikola (Vaults:1)
  2 electric golems
  18 tentacled monstrosities
  Zenata (Vaults:2)
  A Hell Sentinel (Zot:1)
  An Ice Fiend (Depths:4)
  2 hellephants
  6 liches
  31 Orb Guardians
  5 deep elf master archers
  Asterion (Vaults:1)
  4 quicksilver dragons
  2 deep elf blademasters (Elf:3)
  7 titans
  2 walking divine tomes
  4 Executioners
  9 tentacled starspawn
  7 sphinxes
  16 acid blobs
  Kirke (Elf:1)
  4 death cobs
  2 thorn hunters
  14 tengu reavers
  Aizul (Snake:1)
  6 shadow dragons
  2 protean progenitors (Zot:2)
  11 rockslimes
  4 draconian monks
  Donald (Vaults:1)
  A revenant (Abyss:4)
  9 storm dragons
  12 frost giants
  9 azure jellies
  2 demonspawn warmongers (Zot:1)
  A daeva (D:2)
  5 deep elf sorcerers (Elf:3)
  3 fenstrider witches (WizLab)
  5 draconian shifters
  3 nagarajas (Snake:4)
  5 draconian scorchers
  A draconian knight (Zot:3)
  16 fire giants
  3 ghost moths
  17 vault wardens
  A balrug (Depths:4)
  7 iron dragons
  4 orc warlords
  3 spriggan defenders
  5 deep elf elementalists
  17 ironbound preservers
  3 draconian stormcallers
  4 reapers
  A demonspawn corrupter (D:10)
  2 cacodemons
  23 very ugly things
  A caustic shrike skeleton (Depths:1)
  15 quicksilver oozes
  4 draconian annihilators
  6 green draconians
  4 ironbound thunderhulks
  19 stone giants
  A vampire knight (Depths:3)
  9 formless jellyfish
  7 deep elf annihilators
  8 deep elf demonologists
  An eleionoma (WizLab)
  8 black draconians
  2 lorocyprocas
  6 yellow draconians
  6 purple draconians
  10 spark wasps
  5 dire elephants
  4 bunyips
  Azrael (Snake:1)
  16 red draconians
  3 war gargoyles
  9 deep elf death magi
  3 white draconians
  15 ettins
  A green death (Zot:1)
  A merfolk javelineer (Abyss:4)
  3 shambling mangroves (WizLab)
  A blizzard demon (Abyss:4)
  The ghost of MacCMillion the Thaumaturge, a journeyman DjAl of Makhleb (D:12)
  15 fire dragons
  3 deep elf high priests
  20 hydras
  36 vault guards
  12 yaktaur captains
  A rakshasa (Depths:2)
  8 ice dragons
  12 great orbs of eyes
  Harold (Lair:1)
  4 entropy weavers
  2 hell beasts
  6 salamander tyrants
  3 peacekeepers
  10 anacondas
  2 ogre magi (Vaults:5)
  13 centaur warriors
  3 ghost crabs
  3 satyrs
  5 boulder beetles
  8 alligators
  7 ironbound frosthearts
  3 catoblepae (Lair:5)
  5 spriggan air magi
  A two-headed ogre (shapeshifter) (Elf:1)
  28 dancing weapons
  8 deep troll shamans
  12 thrashing horrors
  5 two-headed ogres
  16 naga warriors
  3 demonic crawlers
  11 hell hogs
  An orc high priest (Orc:2)
  4 occultists
  12 death yaks (Lair:5)
  4 tengu warriors
  2 vampire magi
  12 deep troll earth magi
  5 shock serpents
  A soul eater (D:1)
  18 naga sharpshooters
  6 spriggans
  10 hell knights
  6 spriggan berserkers
  8 sun demons (Depths:4)
  8 wretched stars (Abyss:4)
  13 deep elf knights
  A shadow wraith (Vaults:2)
  2 salamander mystics
  4 sixfirhies
  8 iron trolls
  3 skysharks
  A death drake (Abyss:4)
  2 flayed ghosts
  51 deep trolls
  2 shadow demons
  5 glowing orange brains
  7 spriggan druids
  18 mana vipers
  12 swamp dragons
  2 orange crystal statues (IceCv)
  A spark wasp zombie (Depths:1)
  5 goliath frogs
  9 arcanists
  10 naga ritualists
  5 bog bodies
  10 deep elf archers
  An obsidian statue (Snake:2)
  5 orc knights
  8 ironbound convokers
  8 lindwurms
  7 phantasmal warriors
  2 wolf spiders (Zot:2)
  39 deep elf zephyrmancers
  2 necromancers
  27 deep elf pyromancers
  An oklob plant (WizLab)
  7 orc sorcerers
  22 moths of wrath
  7 shining eyes
  6 will-o-the-wisps
  21 ugly things
  4 manticores
  A manticore (shapeshifter) (Depths:3)
  A faun (WizLab)
  15 salamanders
  3 worldbinders (Abyss:4)
  2 cyclopes
  10 elephants (Lair:1)
  11 guardian serpents
  19 naga magi
  An alligator skeleton (Abyss:1)
  3 eyes of devastation
  6 kobold blastminers (Orc:2)
  4 rust devils
  2 apocalypse crabs (Abyss:4)
  16 vault sentinels
  A titan simulacrum (Abyss:4)
  59 black mambas
  A cane toad (shapeshifter) (Abyss:4)
  12 smoke demons
  2 gargoyles (D:13)
  3 hellions
  10 cane toads
  5 unseen horrors
  3 orange demons
  6 freezing wraiths
  31 yaktaurs
  25 large abominations
  5 tengu conjurers
  5 rime drakes
  3 tormentors
  3 efreet
  13 komodo dragons
  An ice devil (Abyss:4)
  7 ancient zymes
  A silent spectre (Abyss:4)
  2 red devils
  6 trolls
  A golden dragon simulacrum (Depths:2)
  3 hellwings (D:3)
  A harpy zombie (Abyss:4)
  15 hornets
  15 tyrant leeches
  3 glass eyes
  7 dream sheep (Lair:3)
  An iron dragon simulacrum (Depths:2)
  2 raiju (shapeshifter) (Abyss:4)
  26 raiju
  19 blink frogs
  A fire giant simulacrum (Depths:2)
  A culicivora (Vaults:3)
  4 water elementals
  3 air elementals
  5 shadows
  3 wyverns
  89 slime creatures
  4 wraiths
  2 wargs (Orc:2)
  2 vampires
  5 basilisks
  2 fire bats
  6 ynoxinuls
  45 yaks
  7 fire elementals
  A redback (shapeshifter) (Vaults:5)
  6 golden eyes
  7 neqoxecs (Abyss:4)
  4 redbacks
  4 steam dragons
  8 chaos spawn
  3 hogs (Elf:1)
  13 vampire mosquitoes
  18 swamp worms
  48 nagas
  11 small abominations
  A great orb of eyes simulacrum (IceCv)
  5 acid dragons
  13 water moccasins
  A glowing shapeshifter skeleton (Depths:1)
  8 hell hounds
  39 orc warriors
  8 swamp drakes
  21 laughing skulls
  2 ettin simulacra
  A black bear (D:9)
  8 ogres
  25 wolves
  4 centaurs
  8 kobold brigands
  5 slime creature simulacra (IceCv)
  58 starcursed masses
  6 weeping skulls
  3 brain worms (Abyss:4)
  4 earth elementals
  22 bullfrogs
  A glowing shapeshifter simulacrum (IceCv)
  4 gnoll sergeants
  A scorpion (D:7)
  A human simulacrum (Depths:2)
  A wight (D:8)
  6 killer bees
  A howler monkey (D:10)
  2 electric eels (Elf:2)
  2 bombardier beetles
  A gnoll bouda (D:8)
  A quasit (Abyss:1)
  A hound (D:4)
  A jelly (D:7)
  4 orc priests (Orc:2)
  Crazy Yiuf (D:4)
  An iron imp (Abyss:4)
  3 iguanas
  15 orc wizards
  21 gnolls
  8 adders
  A river rat (D:9)
  A shadow imp (D:7)
  4 ufetubi (Abyss:4)
  A dart slug (D:1)
  79 orcs
  5 ball pythons
  6 bats
  9 endoplasms
  7 giant cockroaches
  22 goblins
  17 hobgoblins
  3 jackals (D:2)
  4 quokkas
  5 frilled lizards
  56 kobolds
  10 rats
  An aspiring flesh (Zot:2)
  4 starspawn tentacles
2495 creatures vanquished.

Vanquished Creatures (collateral kills)
  2 Killer Klowns (Zot:5)
  An electric golem (Zot:5)
  A ghost moth (Zot:5)
  A quicksilver ooze (Slime:5)
  A slime creature (Slime:5)
6 creatures vanquished.

Vanquished Creatures (others)
  A dread lich (Zot:5)
  A Killer Klown (Zot:5)
  A tentacled monstrosity (Zot:5)
  A death cob (Zot:1)
  An alligator (Swamp:2)
  A deep elf knight (Elf:3)
  A deep elf archer (Elf:2)
  A swamp dragon (Swamp:4)
  A deep troll (Vaults:1)
  A tyrant leech (Swamp:2)
  A raiju (Abyss:4)
  A shadow (D:10)
  A human (Elf:1)
  A golden eye (shapeshifter) (Elf:1)
  A chaos spawn (Abyss:4)
  A neqoxec (Abyss:4)
  A swamp worm (Swamp:2)
  2 starcursed masses (Abyss:4)
  An orc wizard (Orc:2)
  2 orcs (Orc:2)
  3 ball lightnings (D:11)
  20 foxfires
  A lurking horror (Zot:5)
  12 starspawn tentacles
58 creatures vanquished.

Grand Total: 2559 creatures vanquished

Notes
Turn   | Place    | Note
-------+----------+-------------------------------------------
     0 | D:1      | GordonOverkill the Troll Shapeshifter began the quest for
                  | the Orb.
     0 | D:1      | Reached XP level 1. HP: 18/18 MP: 0/0
    86 | D:1      | Reached skill level 1 in Fighting
   302 | D:1      | Reached XP level 2. HP: 28/28 MP: 1/1
   464 | D:1      | Reached XP level 3. HP: 35/35 MP: 2/2
  1242 | D:2      | Found a hide-covered altar of Uskayaw.
  1349 | D:2      | Reached XP level 4. HP: 42/42 MP: 3/3
  1755 | D:2      | Reached skill level 5 in Unarmed Combat
  2010 | D:3      | Found a white marble altar of Elyvilon.
  2059 | D:3      | Reached XP level 5. HP: 50/50 MP: 4/4
  2976 | D:4      | Found a bloodstained altar of Trog.
  3308 | D:4      | Found a runed translucent door.
  3309 | D:4      | Noticed Crazy Yiuf
  3536 | D:4      | Killed Crazy Yiuf
  3626 | D:5      | Entered Level 5 of the Dungeon
  3629 | D:5      | Found a runed translucent gate.
  3630 | D:5      | Noticed a water moccasin
  3632 | D:5      | Found a runed translucent gate.
  3668 | D:5      | Killed a water moccasin
  3669 | D:5      | Reached skill level 4 in Shapeshifting
  3669 | D:5      | Reached XP level 6. HP: 19/61 MP: 5/5
  4085 | D:5      | Found a runed translucent gate.
  4274 | D:5      | Noticed lilalause's ghost (amateur KoDe)
  4277 | D:5      | Identified the +0 spear "GordonOverkill's Death" {vamp,
                  | rElec MP+9 SInv}
  4317 | D:6      | Noticed a troll
  4338 | D:6      | Gained mutation: You expend magic power (3 MP) to
                  | strengthen your wands. [potion of mutation]
  4338 | D:6      | Gained mutation: You passively dampen the noise of your
                  | surroundings. [potion of mutation]
  4344 | D:6      | Killed a troll
  4345 | D:6      | Reached skill level 5 in Shapeshifting
  4345 | D:6      | Reached XP level 7. HP: 45/70 MP: 6/6
  4419 | D:6      | Found a staircase to the Ecumenical Temple.
  4484 | D:6      | Found a burning altar of Makhleb.
  4488 | D:6      | Identified the +2 robe of the Monk {rCorr}
  4531 | D:6      | Found Vil Yrue's Hydra Hut.
  4532 | D:6      | Noticed a seven-headed hydra
  4533 | D:6      | Noticed a steam dragon
  4551 | D:6      | Killed a steam dragon
  4659 | Temple   | Entered the Ecumenical Temple
  4675 | Temple   | Became a worshipper of Gozag Ym Sagoz the Greedy
  4711 | D:6      | You fall into a shaft and drop 1 floor!
  5318 | D:6      | Found a shimmering blue altar of Sif Muna.
  5417 | D:6      | Found a glowing silver altar of Zin.
  5731 | D:7      | Reached skill level 1 in Evocations
  5731 | D:7      | Reached XP level 8. HP: 78/78 MP: 7/7
  5760 | D:7      | Found a sacrificial altar of Ru.
  5924 | D:7      | Reached skill level 5 in Fighting
  6254 | D:8      | Reached skill level 6 in Shapeshifting
  6317 | D:8      | Noticed a two-headed ogre
  6325 | D:8      | Killed a two-headed ogre
  6326 | D:8      | Reached skill level 7 in Shapeshifting
  6326 | D:8      | Reached XP level 9. HP: 56/88 MP: 8/8
  6508 | D:8      | Found a flagged portal.
  6508 | D:8      | Found the +8 mithril axe "Arga" {speed, Will+}
  6521 | Bailey   | Entered a bailey
  6751 | Bailey   | Noticed an orc knight
  6754 | Bailey   | Noticed an orc warlord
  6771 | Bailey   | Killed an orc knight
  6772 | Bailey   | Reached skill level 8 in Shapeshifting
  6792 | Bailey   | Killed an orc warlord
  6793 | Bailey   | Reached XP level 10. HP: 55/102 MP: 9/9
  6867 | Bailey   | Identified the ring "Revvo" {Fly rN+}
  6970 | Bailey   | Noticed an orc knight
  6990 | Bailey   | Killed an orc knight
  6991 | Bailey   | Reached skill level 10 in Unarmed Combat
  7717 | D:8      | Found a hide-covered altar of Uskayaw.
  7726 | D:8      | Found an ancient bone altar of Kikubaaqudgha.
  7969 | D:9      | Noticed a two-headed ogre
  7977 | D:9      | Reached skill level 9 in Shapeshifting
  7982 | D:9      | Killed a two-headed ogre
  8055 | D:9      | Reached XP level 11. HP: 106/109 MP: 10/10
  8060 | D:9      | Reached skill level 10 in Shapeshifting
  8762 | D:9      | Found a staircase to the Lair.
  8859 | D:10     | Entered Level 10 of the Dungeon
  9175 | D:10     | Reached skill level 11 in Shapeshifting
  9515 | D:10     | Noticed a two-headed ogre
  9528 | D:10     | Killed a two-headed ogre
  9547 | D:10     | Noticed a deep elf pyromancer
  9569 | D:10     | Killed a deep elf pyromancer
  9583 | D:10     | Found a shadowy altar of Dithmenos.
  9604 | D:10     | Reached skill level 12 in Shapeshifting
 10287 | D:11     | Found a staircase to the Orcish Mines.
 10290 | D:11     | Reached skill level 13 in Shapeshifting
 10516 | D:11     | Reached XP level 12. HP: 113/118 MP: 11/11
 10712 | Lair:1   | Entered Level 1 of the Lair of Beasts
 10745 | Lair:1   | Found a transporter.
 10814 | Lair:1   | Reached skill level 14 in Shapeshifting
 11360 | Lair:1   | Noticed Harold
 11369 | Lair:1   | Killed Harold
 11455 | Lair:1   | Found a transporter.
 11752 | Lair:2   | Noticed an eight-headed hydra
 11756 | Lair:2   | Killed an 11-headed hydra
 11930 | Lair:2   | Reached XP level 13. HP: 131/131 MP: 12/12
 12135 | Lair:2   | Reached skill level 5 in Dodging
 12256 | Lair:2   | Found a staircase to the Swamp.
 12388 | Lair:3   | Identified a scroll of acquirement
 12389 | Lair:3   | Acquired a manual of Evocations
 12518 | Lair:3   | Reached skill level 15 in Shapeshifting
 12777 | Lair:3   | Found a staircase to the Snake Pit.
 13115 | Lair:3   | Reached skill level 5 in Evocations
 13117 | Lair:3   | You fall into a shaft and drop 2 floors!
 13117 | Lair:5   | Entered Level 5 of the Lair of Beasts
 13375 | Lair:5   | Reached skill level 10 in Fighting
 13844 | Lair:5   | Found a viscous altar of Jiyva.
 13844 | Lair:5   | Found a staircase to the Slime Pits.
 13908 | Lair:5   | Reached XP level 14. HP: 143/143 MP: 13/13
 14497 | Lair:4   | Reached skill level 16 in Shapeshifting
 15363 | D:12     | Acquired a manual of Fighting
 15379 | D:12     | Found a runed translucent door.
 15379 | D:12     | Noticed MacCMillion's ghost (journeyman DjAl)
 16075 | D:12     | Killed MacCMillion's ghost
 16334 | D:13     | Found a gate to the Vaults.
 17619 | D:15     | Entered Level 15 of the Dungeon
 17892 | D:15     | Reached skill level 1 in Shields
 18006 | D:15     | Reached XP level 15. HP: 163/163 MP: 14/14
 18139 | D:15     | Found a staircase to the Depths.
 18139 | D:15     | Noticed a fire giant
 18167 | D:15     | Killed a fire giant
 18419 | Orc:1    | Entered Level 1 of the Orcish Mines
 18470 | Orc:2    | Entered Level 2 of the Orcish Mines
 18574 | Orc:2    | Found Qafeben's Book Boutique.
 18946 | Orc:2    | Found a flickering gateway to a bazaar.
 18963 | Bazaar   | Entered a bazaar
 18981 | Bazaar   | Found Ociostel's General Store.
 18992 | Bazaar   | Bought a scroll of fear for 68 gold pieces
 18992 | Bazaar   | Bought a scroll of fog for 68 gold pieces
 18992 | Bazaar   | Bought a scroll of teleportation for 51 gold pieces
 19003 | Bazaar   | Found Keituamn's Assorted Antiques.
 19007 | Bazaar   | Bought a lightning rod (4/4) for 1120 gold pieces
 19007 | Bazaar   | Bought a potion of brilliance for 112 gold pieces
 19007 | Bazaar   | Bought a phial of floods for 1120 gold pieces
 19007 | Bazaar   | Bought a scroll of teleportation for 84 gold pieces
 19007 | Bazaar   | Bought a wand of mindburst (11) for 431 gold pieces
 19032 | Bazaar   | Found Jicoutas's General Store.
 19037 | Bazaar   | Bought a tin of tremorstones (2/2) for 600 gold pieces
 19037 | Bazaar   | Bought a potion of enlightenment for 75 gold pieces
 19047 | Bazaar   | Found Umug's Distillery.
 19052 | Bazaar   | Bought a potion of might for 72 gold pieces
 19052 | Bazaar   | Bought a potion of invisibility for 144 gold pieces
 19052 | Bazaar   | Bought a potion of curing for 54 gold pieces
 19052 | Bazaar   | Bought a potion of heal wounds for 90 gold pieces
 19052 | Bazaar   | Bought 2 potions of heal wounds for 180 gold pieces
 19052 | Bazaar   | Bought a potion of enlightenment for 90 gold pieces
 19052 | Bazaar   | Bought a potion of heal wounds for 90 gold pieces
 19052 | Bazaar   | Bought 2 potions of cancellation for 288 gold pieces
 19326 | Orc:2    | Found a staircase to the Elven Halls.
 19385 | Orc:2    | Reached skill level 5 in Shields
 19586 | Orc:2    | Found Zynkipula's Antique Armour Boutique.
 19593 | Orc:2    | Found Muher's Antique Weapon Shop.
 19668 | Orc:2    | Found Wuniuxt Assa's Magic Scroll Boutique.
 19700 | Orc:2    | Bought a scroll of blinking for 90 gold pieces
 19700 | Orc:2    | Bought a scroll of fog for 48 gold pieces
 19700 | Orc:2    | Bought a scroll of fog for 48 gold pieces
 19700 | Orc:2    | Bought a scroll of teleportation for 36 gold pieces
 19700 | Orc:2    | Bought 2 scrolls of butterflies for 96 gold pieces
 20000 | Snake:1  | Entered Level 1 of the Snake Pit
 20298 | Snake:1  | Identified the serpent talisman of Resilience {rC+ Str+3}
 20298 | Snake:1  | Noticed Aizul
 20307 | Snake:1  | Killed Aizul
 20575 | Snake:1  | Reached skill level 17 in Shapeshifting
 20889 | Snake:1  | Noticed Azrael
 20896 | Snake:1  | Killed Azrael
 21477 | Snake:2  | Reached XP level 16. HP: 174/174 MP: 15/15
 21548 | Snake:2  | Reached skill level 15 in Fighting
 22058 | Snake:2  | Found a transporter.
 22073 | Snake:2  | Found a transporter.
 22486 | Snake:2  | Found Fudghuacu's Distillery.
 22494 | Snake:2  | Bought a potion of haste for 160 gold pieces
 22494 | Snake:2  | Bought a potion of haste for 160 gold pieces
 22494 | Snake:2  | Bought a potion of curing for 48 gold pieces
 22494 | Snake:2  | Bought a potion of heal wounds for 80 gold pieces
 22494 | Snake:2  | Bought a potion of mutation for 128 gold pieces
 22494 | Snake:2  | Bought a potion of haste for 160 gold pieces
 22494 | Snake:2  | Bought a potion of cancellation for 128 gold pieces
 22618 | Snake:2  | Reached skill level 10 in Evocations
 22652 | Snake:2  | Identified the +0 ring mail of Moladuor {rCorr MP+9}
 23607 | Snake:4  | Entered Level 4 of the Snake Pit
 23668 | Snake:4  | Noticed CrazyBamboolord's ghost (adept HOFi)
 23670 | Snake:4  | Found a transporter.
 23676 | Snake:4  | Found a transporter.
 23802 | Snake:4  | Reached XP level 17. HP: 184/184 MP: 0/16
 23822 | Snake:4  | Identified the ring "Eloacw" {+Blink rPois rF- Will++
                  | Str+6}
 24030 | Snake:4  | Identified the amulet of the Crushed Loafs {Rampage Regen+
                  | Int+6}
 24207 | Snake:4  | Noticed a quicksilver dragon
 24224 | Snake:4  | Killed a quicksilver dragon
 24461 | Snake:4  | Found Wonul's Jewellery Boutique.
 24461 | Snake:4  | Found Xycon's Book Shoppe.
 24462 | Snake:4  | Found Qunkykis's Jewellery Boutique.
 25057 | Snake:4  | Got a serpentine rune of Zot
 25393 | Swamp:1  | Entered Level 1 of the Swamp
 26531 | Swamp:3  | Reached skill level 15 in Evocations
 26795 | Swamp:3  | Identified the +8 battleaxe of the Stork {freeze, rC++
                  | Dex-5}
 27099 | Swamp:3  | Identified the +7 long sword of Law {pain, rF+}
 27158 | Swamp:4  | Entered Level 4 of the Swamp
 27304 | Swamp:4  | Reached XP level 18. HP: 193/193 MP: 17/17
 27314 | Swamp:4  | Found a glacial archway.
 27318 | IceCv    | Entered an ice cave
 28140 | IceCv    | Found a viscous altar of Jiyva.
 28158 | IceCv    | Reached skill level 15 in Unarmed Combat
 28178 | IceCv    | Identified the amulet of Sola {RegenMP rC+ Int+7 Dex-3
                  | SInv}
 28189 | IceCv    | Got the ring of Disaster {rPois rC+ Str+2 Int+2}
 29007 | Swamp:4  | Noticed the 27-headed Lernaean hydra
 29098 | Swamp:4  | Killed the 26-headed Lernaean hydra
 29287 | Swamp:4  | Got a decaying rune of Zot
 29620 | Vaults:1 | Entered Level 1 of the Vaults
 29713 | Vaults:1 | Noticed Asterion
 29726 | Vaults:1 | Killed Asterion
 29893 | Vaults:1 | Identified the staff of Karma {rPois Stlth+ Necro Alchemy}
 29899 | Vaults:1 | Got the Compilation of Despicable Rituals and Elsewhere
 30060 | Vaults:1 | Noticed Donald
 30067 | Vaults:1 | Killed Donald
 30234 | Vaults:1 | Noticed Nikola
 30243 | Vaults:1 | Killed Nikola
 30348 | Vaults:1 | Noticed Boris
 30356 | Vaults:1 | Killed Boris
 30648 | Vaults:2 | Noticed Jory
 30658 | Vaults:1 | Killed Jory
 30798 | Vaults:2 | Identified the +11 short sword "Demonbane" {protect, rCorr
                  | Dex+3}
 30871 | Vaults:2 | Noticed Xtahua
 30877 | Vaults:2 | Killed Xtahua
 30940 | Vaults:2 | Reached XP level 19. HP: 201/201 MP: 18/18
 31191 | Vaults:2 | Noticed a hellephant
 31192 | Vaults:2 | Noticed Margery
 31363 | Vaults:2 | Killed Margery
 31372 | Vaults:2 | Killed a hellephant
 31450 | Vaults:2 | Noticed Zenata
 31460 | Vaults:2 | Killed Zenata
 31711 | Vaults:2 | Reached skill level 18 in Shapeshifting
 33128 | Vaults:3 | Noticed a bone dragon
 33132 | Vaults:3 | Killed a bone dragon
 33133 | Vaults:3 | Found a staircase to the Crypt.
 33466 | Vaults:3 | Reached XP level 20. HP: 161/213 MP: 19/19
 33629 | Vaults:4 | Found a magical portal.
 33634 | WizLab   | Entered Eringya's Formal Garden
 33669 | WizLab   | Got Eringya's Vellum of Chemistry
 34106 | WizLab   | Found a blossoming altar of Fedhas.
 34287 | Vaults:4 | Reached skill level 19 in Shapeshifting
 35585 | Depths:1 | Entered Level 1 of the Depths
 35744 | Depths:1 | Reached skill level 20 in Shapeshifting
 35771 | Depths:1 | Found a gateway to Hell.
 35960 | Depths:1 | Found Unaty's Armour Shop.
 36081 | Depths:1 | Noticed a golden dragon
 36088 | Depths:1 | Killed a golden dragon
 36166 | Depths:1 | Noticed Norris
 36175 | Depths:1 | Killed Norris
 36508 | Depths:2 | Reached XP level 21. HP: 222/222 MP: 20/20
 36590 | Depths:2 | Reached skill level 21 in Shapeshifting
 37062 | Depths:2 | Noticed a golden dragon
 37064 | Depths:2 | Killed a golden dragon
 37103 | Depths:2 | Noticed a juggernaut
 37112 | Depths:2 | Killed a juggernaut
 37120 | Depths:2 | Noticed a golden dragon
 37122 | Depths:2 | Reached skill level 22 in Shapeshifting
 37139 | Depths:2 | Killed a golden dragon
 37142 | Depths:2 | Identified the ring "Ogapus" {EV+5 Int+4 Dex+3 Stlth+}
 37180 | Depths:2 | Got the Atlas of Shifting Grit
 37705 | Depths:2 | Noticed Bai Suzhen
 37715 | Depths:2 | Killed Bai Suzhen
 37741 | Depths:2 | Found a one-way gate leading to the halls of Pandemonium.
 37767 | Depths:2 | Identified the ring of the Ghosts {Ice rN+ Str+2 Int+2}
 37767 | Depths:2 | Noticed Josephina
 37774 | Depths:2 | Killed Josephina
 38057 | Depths:3 | Noticed Mara
 38105 | Depths:3 | Noticed GordonOverkill's illusion
 38118 | Depths:2 | Killed Mara
 38148 | Depths:2 | Identified the +1 quarterstaff "Qely" {elec, +Blink rElec
                  | Str+3 Int-5}
 38214 | Depths:3 | Found a snail-covered altar of Cheibriados.
 38215 | Depths:3 | Found a blossoming altar of Fedhas.
 38216 | Depths:3 | Found a stormy altar of Qazlal.
 38216 | Depths:3 | Found a shadowy altar of Dithmenos.
 38247 | Depths:3 | Noticed a golden dragon
 38257 | Depths:3 | Killed a golden dragon
 38424 | Depths:3 | Noticed a golden dragon
 38429 | Depths:3 | Reached XP level 22. HP: 235/235 MP: 21/21
 38432 | Depths:3 | Killed a golden dragon
 38451 | Depths:3 | Identified the +3 swamp dragon scales of Jigsaw {Harm rPois
                  | Int+5 Dex-3 Stlth+}
 38551 | Depths:3 | Found a one-way gate to the infinite horrors of the Abyss.
 38651 | Depths:3 | Identified the +10 short sword "Ereil" {venom, rN+ Will+
                  | Dex+3}
 38651 | Depths:3 | Identified the +1 chain mail of Jur Qymi {rC++}
 38651 | Depths:3 | Identified the ring of Vanity {MP-9 Str+4 Dex+6 SInv}
 38744 | Depths:3 | Found a one-way gateway to a ziggurat.
 38815 | Depths:3 | Identified the +7 sling "Puoxka" {flame, ^Drain rCorr
                  | Stlth+}
 39036 | Depths:4 | Entered Level 4 of the Depths
 39073 | Depths:4 | Identified the +6 morningstar "Qyor" {drain, Str+3 Int+5}
 39551 | Depths:4 | Noticed a golden dragon
 39558 | Depths:4 | Killed a golden dragon
 39563 | Depths:4 | Found a gate to the Realm of Zot.
 39607 | Depths:4 | Noticed a golden dragon
 39610 | Depths:4 | Killed a golden dragon
 39614 | Depths:4 | Found a candlelit altar of Ignis.
 39652 | Depths:4 | Noticed a golden dragon
 39657 | Depths:4 | Killed a golden dragon
 39658 | Depths:4 | Reached skill level 10 in Dodging
 39699 | Depths:4 | Noticed a golden dragon
 39703 | Depths:4 | Killed a golden dragon
 40803 | Vaults:5 | Entered Level 5 of the Vaults
 40871 | Vaults:4 | Reached skill level 23 in Shapeshifting
 40930 | Vaults:4 | Reached XP level 23. HP: 243/243 MP: 22/22
 41222 | Vaults:5 | Identified the +3 bardiche of Mutilation {drain, rPois rC+
                  | Dex+2 Stlth+}
 41820 | Vaults:5 | Got a silver rune of Zot
 41961 | Vaults:5 | Noticed an ancient lich
 41964 | Vaults:5 | Killed an ancient lich
 42189 | Vaults:5 | Reached skill level 10 in Shields
 42311 | Vaults:5 | Identified the +1 plate armour "Gohof" {rElec rC+}
 42826 | Elf:1    | Entered Level 1 of the Elven Halls
 42847 | Elf:1    | Found a radiant altar of Vehumet.
 42897 | Elf:1    | Found a portal to a secret trove of treasure.
 42960 | Elf:1    | Found Hietoxes's Distillery.
 42965 | Elf:1    | Bought a potion of haste for 140 gold pieces
 42965 | Elf:1    | Bought a potion of mutation for 112 gold pieces
 42965 | Elf:1    | Bought a potion of heal wounds for 70 gold pieces
 42965 | Elf:1    | Bought a potion of resistance for 140 gold pieces
 42965 | Elf:1    | Bought a potion of enlightenment for 70 gold pieces
 42965 | Elf:1    | Bought a potion of haste for 140 gold pieces
 42965 | Elf:1    | Bought a potion of invisibility for 112 gold pieces
 42982 | Elf:1    | Found Ybris's Assorted Antiques.
 42990 | Elf:1    | Found Hofepp's Magic Scroll Boutique.
 42997 | Elf:1    | Bought a scroll of blinking for 105 gold pieces
 42997 | Elf:1    | Bought 2 scrolls of revelation for 210 gold pieces
 42997 | Elf:1    | Bought a scroll of fog for 56 gold pieces
 42997 | Elf:1    | Bought a scroll of fear for 56 gold pieces
 42997 | Elf:1    | Bought a scroll of butterflies for 56 gold pieces
 43003 | Elf:1    | Bought a scroll of fear for 136 gold pieces
 43003 | Elf:1    | Bought a scroll of teleportation for 102 gold pieces
 43108 | Elf:1    | Noticed Kirke
 43121 | Elf:1    | Killed Kirke
 44018 | Elf:2    | Found a runed translucent door.
 44019 | Elf:2    | Found a runed translucent door.
 44255 | Elf:2    | Found a radiant altar of Vehumet.
 44308 | Elf:2    | Found Malauv's Assorted Antiques.
 44322 | Elf:2    | Bought a scroll of vulnerability for 64 gold pieces
 44322 | Elf:2    | Bought a scroll of teleportation for 48 gold pieces
 44365 | Elf:2    | Reached XP level 24. HP: 253/253 MP: 22/22
 44578 | Elf:3    | Entered Level 3 of the Elven Halls
 45019 | Elf:3    | Paralysed by an air elemental for 1 turns
 45208 | Elf:3    | Identified the +8 great mace "Cavvaut" {flame, Will+ Str+5}
 45512 | Elf:3    | Reached skill level 15 in Shields
 45520 | Elf:3    | Paralysed by an air elemental for 1 turns
 45579 | Elf:3    | Identified the +3 lajatang of the Imperium {holy, *Slow
                  | +Blink rElec rPois}
 45579 | Elf:3    | Identified the ring of Xom's Full Attention {*Slow Will++
                  | rCorr MP+9 Int+6}
 45691 | Elf:3    | Identified the +2 glaive "Filisedo" {antimagic, rC+ rCorr
                  | Int+2 Dex+3}
 45735 | Elf:3    | Identified the granite talisman "Nacziug" {rF++ MP+9 Str-3
                  | Dex+3}
 45749 | Elf:3    | Got the Parchment of the Geologist and Pyromania
 46147 | Slime:1  | Entered Level 1 of the Pits of Slime
 46153 | Slime:1  | Gained mutation: You sometimes lose your temper in combat.
                  | [a shining eye]
 46200 | Slime:3  | Noticed Dissolution
 46204 | Slime:3  | Killed Dissolution
 46227 | Slime:2  | Gained mutation: You are robust. (+10% HP) [a shining eye]
 46328 | Slime:3  | Gained mutation: You are occasionally teleported next to
                  | monsters. [a shining eye]
 46331 | Slime:3  | Lost mutation: You are robust. (+10% HP) [potion of
                  | mutation]
 46331 | Slime:3  | Lost mutation: You sometimes lose your temper in combat.
                  | [potion of mutation]
 46331 | Slime:3  | Lost mutation: You passively dampen the noise of your
                  | surroundings. [potion of mutation]
 46331 | Slime:3  | Lost mutation: You are occasionally teleported next to
                  | monsters. [potion of mutation]
 46331 | Slime:3  | Gained mutation: Your spells are a little harder to cast,
                  | but a little more powerful. [potion of mutation]
 46331 | Slime:3  | Gained mutation: You are partially covered in iridescent
                  | scales. (AC +2) [potion of mutation]
 46331 | Slime:3  | Gained mutation: You have large cloven feet. [potion of
                  | mutation]
 46452 | Slime:3  | Gained mutation: You are weak. (Str -2) [a shining eye]
 46476 | Slime:3  | Reached skill level 24 in Shapeshifting
 46611 | Slime:5  | Entered Level 5 of the Pits of Slime
 46644 | Slime:5  | Noticed the Royal Jelly
 46658 | Slime:5  | Killed the Royal Jelly
 46809 | Slime:5  | Got a slimy rune of Zot
 46812 | Slime:5  | Identified the +4 robe of Vuexoori {rElec Will+ Stlth+}
 46853 | Slime:5  | Identified the +9 hand axe of Beloved Indomitability
                  | {flame, rF++ MP+9 Stlth+}
 47428 | Slime:5  | Identified the ring "Nois Ritzod" {rPois rC- Will+ Int+2}
 47437 | Slime:5  | Identified the +8 morningstar of Disaster {flame, rPois
                  | Str+4 Dex-3}
 47438 | Slime:5  | Identified the +3 quarterstaff of Haxkaaph {venom, rPois}
 47471 | Slime:5  | Identified the +5 battleaxe of Severance {elec, Dex+5}
 47521 | Slime:5  | Identified the +1 shortbow of a ziggurat {freeze, rN+}
 47522 | Slime:5  | Identified the +2 leather armour of Amorality {Will+++
                  | Str-3 Dex+4}
 47530 | Slime:5  | Identified the +6 dagger of Impeachment {distort, rN++
                  | rCorr Str+3}
 48554 | Zot:1    | Entered Level 1 of the Realm of Zot
 48678 | Zot:1    | Reached XP level 25. HP: 261/261 MP: 22/22
 49701 | Zot:2    | Reached skill level 25 in Shapeshifting
 49885 | Zot:2    | Got the Directory of Charmed Snow
 51344 | Zot:4    | Reached skill level 26 in Shapeshifting
 51675 | Zot:4    | Noticed a Killer Klown
 51681 | Zot:4    | Killed a Killer Klown
 52249 | Zot:5    | Entered Level 5 of the Realm of Zot
 52280 | Zot:5    | Found a corrupted altar of Lugonu.
 52583 | Zot:5    | Voluntarily entered the Abyss.
 52665 | Abyss:1  | Found a corrupted altar of Lugonu.
 52688 | Abyss:1  | Found a corrupted altar of Lugonu.
 52688 | Abyss:1  | Found a corrupted altar of Lugonu.
 52867 | Abyss:3  | Found a corrupted altar of Lugonu.
 52982 | Abyss:4  | Found a corrupted altar of Lugonu.
 53037 | Abyss:4  | Noticed a dread lich
 53051 | Abyss:4  | Killed a dread lich
 53125 | Abyss:4  | Reached skill level 27 in Shapeshifting
 53166 | Abyss:4  | Found a runed translucent door.
 53184 | Abyss:4  | Reached XP level 26. HP: 260/260 MP: 22/22
 53205 | Abyss:4  | Gained mutation: You are vulnerable to cold. (rC-) [a
                  | neqoxec]
 53211 | Abyss:4  | Found a runed translucent door.
 53229 | Abyss:4  | Found a corrupted altar of Lugonu.
 53320 | Abyss:4  | Found a runed translucent door.
 53344 | Abyss:4  | Found a corrupted altar of Lugonu.
 53353 | Abyss:4  | Gained mutation: You are very weak. (Str -4) [a neqoxec]
 53382 | Abyss:4  | Paralysed by accursed screaming for 2 turns
 53401 | Abyss:4  | Paralysed by accursed screaming for 2 turns
 53437 | Abyss:4  | Found a corrupted altar of Lugonu.
 53439 | Abyss:4  | Got an abyssal rune of Zot
 53480 | Abyss:4  | Found a corrupted altar of Lugonu.
 53541 | Zot:5    | Escaped the Abyss
 53549 | Zot:5    | Lost mutation: Your spells are a little harder to cast, but
                  | a little more powerful. [potion of mutation]
 53549 | Zot:5    | Lost mutation: You are vulnerable to cold. (rC-) [potion of
                  | mutation]
 53549 | Zot:5    | Gained mutation: Your mind is acute. (Int +4, Str/Dex -1)
                  | [potion of mutation]
 53696 | Zot:5    | Noticed a dread lich
 53707 | Zot:5    | Killed a dread lich
 53778 | Zot:5    | Noticed an ancient lich
 53958 | Zot:5    | Noticed an orb of fire
 53961 | Zot:5    | Gained mutation: You have hidden genetic defects. [an orb
                  | of fire]
 53962 | Zot:5    | Killed an orb of fire
 54124 | Zot:5    | Noticed an orb of fire
 54126 | Zot:5    | Noticed an orb of fire
 54127 | Zot:5    | Noticed a dread lich
 54127 | Zot:5    | Gained mutation: Your health recovers twice as slowly from
                  | being drained. [an orb of fire]
 54131 | Zot:5    | Killed an orb of fire
 54134 | Zot:5    | Noticed an orb of fire
 54139 | Zot:5    | Gained mutation: Your spells are a little easier to cast,
                  | but a little less powerful. [hidden defects]
 54163 | Zot:5    | Killed an ancient lich
 54176 | Zot:5    | Killed an orb of fire
 54335 | Zot:5    | Lost mutation: You are very weak. (Str -4) [potion of
                  | mutation]
 54335 | Zot:5    | Lost mutation: You have hidden genetic defects. [potion of
                  | mutation]
 54335 | Zot:5    | Lost mutation: Your mind is acute. (Int +4, Str/Dex -1)
                  | [potion of mutation]
 54335 | Zot:5    | Gained mutation: You have hidden genetic potential. [potion
                  | of mutation]
 54352 | Zot:5    | Got the Orb of Zot
 54479 | Abyss:4  | Cast into level 4 of the Abyss (demonspawn warmonger)
 54527 | Abyss:4  | Gained mutation: You are frail. (-10% HP) [a neqoxec]
 54530 | Abyss:4  | Gained mutation: You are occasionally teleported next to
                  | monsters. [a neqoxec]
 54800 | Abyss:4  | Reached XP level 27. HP: 261/261 MP: 22/22
 54809 | Abyss:5  | Noticed an ancient lich
 54832 | Zot:1    | Escaped the Abyss
 55243 | D:11     | Noticed Rext the pandemonium lord
 55257 | D:11     | Killed Rext the pandemonium lord
 55487 | D:2      | Noticed Mip Faav the pandemonium lord
 55500 | D:2      | Killed Mip Faav the pandemonium lord
 55534 | D:2      | Noticed Boris
 55542 | D:2      | Killed Boris
 55645 | D:$      | Escaped with the Orb!

Illustrated notes

Levels and vault maps discovered:
D:1:      lordsloth_arrival_two_stooges, layout_loops_ring,
          roderic_roman_lattice, ebering_dispersal_statue_hall
D:2:      layout_loops_corners, basic_altar
D:3:      layout_basic, elyvilon_altar_4
D:4:      layout_loops_cross, mainiacjoe_overflow_paths, uniq_crazy_yiuf_cottage
D:5:      layout_rooms, biasface_ghost_orc_armoury
D:6:      kennysheep_kobold_camp, layout_loops_ring, bloody_makhleb,
          kennysheep_mini_moat, zin_scriptorium, temple_hall,
          doesnt_shop_hydraphobe
D:7:      layout_rooms, mainiacjoe_overflow_brackets, kennysheep_generic_room_12
D:8:      minmay_inner_zag, layout_cave_pods, mainiacjoe_overflow_swirl,
          enter_bailey_2, corexii_checkpoint
D:9:      layout_stronghold, dpeg_lair_monsters
D:10:     minmay_octagon_keep, layout_basic, nicolae_dithmenos_the_darkroom
D:11:     layout_cave_pools, kennysheep_orc_monster_closet_entryway,
          corexii_corridor_pit
D:12:     layout_long_grid, hellmonk_ghost_big_iron, lemuel_old_faithful
D:13:     layout_roguey, erik_vaults_2, nicolae_zig_zag_zippers
D:14:     layout_long_grid, minmay_stone_trees_small
D:15:     grunt_enter_depths_giant_problem, layout_basic
Temple:   oiseaux_autumnal_temple
Lair:1:   gammafunk_cloud_chamber, layout_layer_cave,
          dreamdust_mushroom_princess, uniq_harold
Lair:2:   layout_concentric_octagons, palyth_hydra_swamp_entry
Lair:3:   layout_loops_ring, guppyfry_snake_entry_island, beast_lair_carwin_9
Lair:4:   layout_long_grid, infiniplex_staircase_pool_2
Lair:5:   evilmike_catoblepas_cave, layout_long_grid, dpeg_slime_entry_enclosed
Swamp:1:  layout_falls_marsh, nicolae_swamp_decorative_isthmus
Swamp:2:  cheibrodos_swamp_heart_of_darkness, layout_basic_swamp,
          evilmike_swamp_ruin_house_6
Swamp:3:  layout_falls_marsh, hangedman_swamp_ruin_wall
Swamp:4:  swamp_old_school, layout_basic_swamp,
          portal_ice_cave_entry_pillars_four, swamp_pool_1_2
Snake:1:  layout_onion, grunt_megastairs_3, uniq_aizul, uniq_azrael
Snake:2:  gammafunk_sealed_arena, layout_onion_interference, serial_shops, shop,
          lemuel_fruit_tree
Snake:3:  layout_cave_town, nicolae_snake_squiggles
Snake:4:  hellmonk_snake_rune_quicksilver_temple, layout_cave_town,
          gammafunk_ghost_berserking_beasts, st_stairs_12,
          nicolae_snake_storage_room, minmay_shop_grove
Slime:1:  layout_caves
Slime:2:  layout_caves, nicolae_slime_barrier
Slime:3:  layout_caves, dissolution_awaits
Slime:4:  layout_caves
Slime:5:  slime_pit_nicolae_block_by_block
Orc:1:    nicolae_orc_accident_2, layout_diamond_mine, serial_shops,
          shop_statue, nicolae_shop_vocational, uniq_maurice
Orc:2:    grunt_orc_community_town_hall, layout_caves,
          grunt_orc_community_big_house_2, grunt_orc_community_big_house_1,
          grunt_orc_community_house_3, grunt_orc_community_house_2,
          grunt_orc_community_house_1, grunt_orc_community_house_2,
          serial_shops, bzr_entry_dummy, special_room
Elf:1:    eino_elf_arrival_altar, layout_gridlike, enter_trove_1, serial_shops,
          shop, nicolae_elf_blasts_and_bolts, minmay_shoptagon, uniq_kirke
Elf:2:    elven_hall_of_blades_hangedman_original
          [nicolae_blade_entry_splitting_headache], layout_gridlike,
          basic_altar, serial_shops, shop, elves_outpost_lemuel, lemuel_elevator
Elf:3:    elf_hall, layout_geoelf_grid
Vaults:1: nicolae_vaults_tetromino_L_1, nicolae_vaults_enemy_cabinets,
          nicolae_vaults_diagonal_hallway_7, v_misc_2, v_misc_9,
          nicolae_vaults_ninety_degrees, vaults_room_fancy_cross,
          nicolae_vaults_storage_closets_3, nicolae_vaults_storage_closets_2,
          nicolae_vaults_heart-shaped_vault, nicolae_vaults_oval_intersection,
          layout_vaults_omnibox, uniq_donald, uniq_boris, uniq_asterion,
          uniq_nikola
Vaults:2: v_misc_2, vaults_room_large_hall, grunt_vaults_focal,
          serial_library_hellmonk_reading_circle, v_alt_pattern_5, v_misc_28,
          nicolae_vaults_alarming, v_misc_19, vaults_room_door_hall,
          nicolae_vaults_little_guard_posts, hangedman_vaults_pinch,
          vaults_room_semicircle, nicolae_vaults_storage_room_statues,
          nicolae_vaults_storage_room_water,
          nicolae_vaults_variable_pillar_hall, layout_vaults_ring, uniq_margery,
          uniq_zenata, uniq_xtahua, uniq_jory
Vaults:3: nicolae_vaults_twisting_passages, minmay_crypt_entry_nasty_monster,
          nicolae_vaults_ellipses_ellipsis, nicolae_vaults_little_squares_6,
          nicolae_vaults_closet_pinwheel_3, vaults_standard_mumra_x,
          vaults_dpeg_hooks, layout_vaults_chaotic_city
Vaults:4: mu_enter_wizlab_2, v_misc_3, vaults_mumra_hexcomb, vaults_room_grid,
          ontoclasm_vaults_fault, vaults_room_door_hall,
          nicolae_vaults_more_shelving_1, nicolae_vaults_turnstiles,
          grunt_vaults_bifocal, v_misc_13, vaults_dpeg_cross,
          nicolae_vaults_steering_wheel, nicolae_vaults_house_1,
          grunt_vaults_diagonal, nicolae_vaults_two_Ls, layout_vaults_omnicross
Vaults:5
Depths:1: layout_long_grid, hell_entry, serial_shops, kennysheep_little_box,
          columned_hall_lemuel, minmay_evil_grid, uniq_norris
Depths:2: hangedman_box_tower, layout_cave_pools, pf_coc_iceberg,
          infiniplex_staircase_door_maze, grunt_pan_entry_in_and_out,
          firewood_loft, uniq_josephina, uniq_bai_suzhen
Depths:3: minmay_the_grid_octo_tiled_squarecenter [minmay_the_grid_octo_clover,
          minmay_the_grid_octo_focus, minmay_the_grid_octo_clover_2,
          minmay_the_grid_octo_shrine,
          minmay_the_grid_square_5x5_megaprize_checkered,
          minmay_the_grid_square_5x5_three_walls,
          minmay_the_grid_square_5x5_meh, minmay_the_grid_square_5x5_tie,
          minmay_the_grid_square_5x5_fancy_junction], layout_cave_pools,
          enter_ziggurat_f, minmay_room_of_horrors, hell_entry, uniq_mara
Depths:4: regret_index_infernal_bastille, layout_basic, hellmouth_2, pan_entry
Zot:1:    layout_twisted_circle, regret_index_zotdec_stipple_waver,
          regret_index_zotdec_barnacled_alternative, st_stairs_3,
          grunt_megastairs_2
Zot:2:    layout_gridlike, hangedman_zot_decor_checkerboard
Zot:3:    layout_gridlike, hangedman_zot_decor_scrapings,
          regret_index_zotdec_icy_dp
Zot:4:    layout_basic
Zot:5:    layout_misc_corridors, amcnicky_altar_lugonu_corruption

Skill      XL: |  1  2  3  4  5  6  7  8  9 10 11 12 13 14 15 16 17 18 19 20 21 22 23 24 25 26 27 |
---------------+----------------------------------------------------------------------------------+-----
Fighting       | 1 2 3 4 5 7 9 10 14 15 16 17 20 | 20.0
Unarmed Combat | 4 5 7 8 9 10 12 13 14 18 20 21 22 23 24 25 | 25.2
Shapeshifting  | 4 5 7 8 9 13 14 15 16 17 18 20 22 23 24 27 | 27.0
Evocations     | 1 2 5 7 12 15 | 15.0
Dodging        | 4 5 10 | 10.0
Shields        | 1 7 13 15 | 15.0

Action                     |  1- 3 |  4- 6 |  7- 9 | 10-12 | 13-15 | 16-18 | 19-21 | 22-24 | 25-27 || total
---------------------------+-------+-------+-------+-------+-------+-------+-------+-------+-------++-------
  Melee: Unarmed           |    30 |       |   202 |   392 |   786 |  1019 |   873 |  1206 |  1005 ||  5513
         Dagger            |   106 |   210 |       |       |       |       |       |       |       ||   316
         Punch             |     1 |     4 |    10 |    28 |    43 |       |       |       |       ||    86
         Kick              |       |       |       |       |       |       |       |    79 |   349 ||   428
  Throw: Dart              |       |     5 |    15 |    25 |     1 |     2 |     2 |       |       ||    50
 Invoke: Potion Petition   |       |       |       |       |       |     1 |       |     2 |     3 ||     6
         Bribe Branch      |       |       |       |       |       |       |       |       |     1 ||     1
Ability: Evoke Blink       |       |       |       |       |       |       |     2 |       |       ||     2
  Evoke: Tin of tremorston |       |       |       |       |       |     4 |     1 |     2 |     2 ||     9
         Lightning rod     |       |       |       |       |       |     1 |       |     3 |     2 ||     6
         Wand              |       |       |       |       |       |     3 |       |     9 |     2 ||    14
         Box of beasts     |       |       |       |       |       |       |       |     1 |       ||     1
         Phantom mirror    |       |       |       |       |       |       |       |     1 |       ||     1
    Use: Potion            |     1 |     9 |     2 |       |       |    12 |       |     4 |     2 ||    30
         Scroll            |       |     2 |    13 |       |    18 |    11 |       |    12 |     4 ||    60
   Stab: Sleeping          |     1 |     2 |       |     3 |       |     2 |       |       |       ||     8
         Distracted        |       |       |     1 |     2 |     4 |     8 |     6 |     3 |    13 ||    37
         Fleeing           |       |       |       |       |     1 |       |       |       |       ||     1
         Invisible         |       |       |       |       |       |     1 |       |       |       ||     1
 Armour: Animal skin       |    81 |   158 |     4 |       |       |       |       |       |       ||   243
         Skin              |     5 |    41 |     8 |   440 |   807 |  1670 |  1001 |   943 |   636 ||  5551
         Steam dragon scal |       |       |   113 |    52 |       |       |       |       |       ||   165
         Gold dragon scale |       |       |       |       |       |       |       |     5 |       ||     5
  Dodge: Dodged            |    53 |    86 |    73 |   294 |   433 |   567 |   280 |   281 |   227 ||  2294
  Block: Kite shield       |       |       |       |       |   109 |       |       |       |       ||   109
         Tower shield      |       |       |       |       |   227 |  1508 |   851 |  1277 |  1150 ||  5013
   Form: Beast             |     1 |       |     1 |       |       |       |       |       |       ||     2
                           |     1 |       |       |       |       |     1 |       |     1 |       ||     3
         Statue            |       |       |       |     1 |       |     1 |       |     2 |       ||     4

Table legend: (Time is in decaauts)
 A = Elapsed time spent in this place.
 B = Non-inter-level travel time spent in this place.
 C = Inter-level travel time spent in this place.
 D = Time resting spent in this place.
 E = Time spent auto-exploring this place.
 F = Levels seen in this place.
 G = Mean time per level.
                   A        B        C        D        E       F      G
               +--------+--------+--------+--------+--------+-----+--------+
         Total |  77278 |  68965 |   8313 |   5106 |  43662 |  63 | 1226.6 |
       Dungeon |  17940 |  14496 |   3444 |    484 |  10948 |  15 | 1196.0 |
        Temple |     32 |      4 |     28 |      0 |      0 |   1 |   32.0 |
          Lair |   7344 |   6287 |   1057 |    336 |   4555 |   5 | 1468.8 |
         Swamp |   4480 |   4244 |    236 |    273 |   2776 |   4 | 1120.0 |
     Snake Pit |   7993 |   7346 |    647 |    336 |   4775 |   4 | 1998.2 |
    Slime Pits |   2516 |   2435 |     81 |    314 |   1126 |   5 |  503.2 |
  Orcish Mines |   2035 |   1761 |    274 |      0 |   1147 |   2 | 1017.5 |
   Elven Halls |   4451 |   4107 |    344 |    265 |   2709 |   3 | 1483.7 |
        Vaults |  10626 |   9774 |    852 |   1163 |   5406 |   5 | 2125.2 |
        Depths |   7726 |   7000 |    726 |    678 |   4087 |   4 | 1931.5 |
           Zot |   7340 |   6722 |    618 |    576 |   4776 |   5 | 1468.0 |
         Abyss |   1699 |   1699 |      0 |     21 |    524 |   6 |  283.2 |
        Bazaar |    169 |    169 |      0 |      0 |     90 |   1 |  169.0 |
        Bailey |    496 |    496 |      0 |    131 |    126 |   1 |  496.0 |
      Ice Cave |   1554 |   1554 |      0 |    479 |    268 |   1 | 1554.0 |
        Wizlab |    872 |    872 |      0 |     45 |    346 |   1 |  872.0 |
               +--------+--------+--------+--------+--------+-----+--------+

Top non-repeatable levels by time:
Depths:2: 2760 daAuts
 Snake:4: 2475 daAuts
Vaults:5: 2423 daAuts
Depths:4: 2351 daAuts
Vaults:3: 2329 daAuts
 Snake:2: 2175 daAuts
Vaults:4: 2119 daAuts
Vaults:1: 1985 daAuts
 Snake:1: 1974 daAuts
   Orc:2: 1943 daAuts
 Slime:5: 1810 daAuts
  Lair:5: 1803 daAuts
 Swamp:4: 1778 daAuts
Vaults:2: 1768 daAuts
   Elf:3: 1718 daAuts
